 Dungeon Crawl Stone Soup version 0.31-a0-819-gf6de2f5ab6 (webtiles) character file.

Game seed: 3772855981301191640

616 qw the Shooter (level 7, -4/43 HPs)
             Began as a Gargoyle Hunter on Sept 23, 2023.
             Slain by Edmund
             ... wielding a +2 dire flail of venom
              (10 damage)
             ... on level 4 of the Dungeon.
             The game lasted 00:01:43 (3320 turns).

qw the Shooter (Gargoyle Hunter)                    Turns: 3320, Time: 00:01:43

Health: -4/43      AC: 12    Str: 14    XL:     7   Next: 45%
Magic:  7/7        EV: 11    Int: 10    God:
Gold:   426        SH:  0    Dex: 15    Spells: 6/6 levels left

rFire   . . .        Y - +0 shortbow
rCold   . . .        (shield currently unavailable)
rNeg    + . .        j - +0 ring mail
rPois   inf          d - +0 helmet
rElec   +            (no cloak)
rCorr   .            i - +0 pair of gloves
SInv    .            (no boots)
Will    .....        (no amulet)
Stlth   +            (no ring)
HPRegen 0.27/turn    (no ring)
MPRegen 0.10/turn

%: no passive effects
@: no status effects
A: sickness immunity, AC +4, negative energy resistance 1, electricity
resistance, torment resistance 1, petrification resistance
a: no special abilities


You were on level 4 of the Dungeon.
You visited 1 branch of the dungeon, and saw 4 of its levels.
You also visited: Ossuary.

You collected 426 gold pieces.


Innate Abilities, Weirdness & Mutations

You are immune to sickness and miasma.
Your stone body is resilient. (AC +4)
You are immune to poison.
You resist negative energy. (rN+)
You are resistant to electric shocks. (rElec)
You are resistant to unholy torment.
You are immune to petrification.


   Skills:
 - Level 4.0 Fighting
 + Level 7.9 Ranged Weapons
 - Level 2.0 Armour
 - Level 1.5 Dodging
 - Level 1.1 Stealth


You had 6 spell levels left.
You didn't know any spells.
Your spell library was empty.

Inventory:

Hand Weapons
 Y - a +0 shortbow (weapon)
Armour
 d - a +0 helmet (worn)
 i - a +0 pair of gloves (worn)
 j - a +0 ring mail (worn)
Jewellery
 f - a ring of fire
Scrolls
 g - 2 scrolls of identify
Potions
 b - 2 potions of curing
 c - 4 potions of might
 e - a potion of resistance
 h - 2 potions of cancellation
 m - a potion of attraction {unknown}

Dungeon Overview and Level Annotations

Branches:
Dungeon (4/15)            Ossuary (visited)
 Temple: D:4-7

Altars:
Ashenzari
Elyvilon
Sif Muna
Yredelemnul

Annotations:
D:4 Edmund


Message History

You shoot an arrow. The arrow hits Edmund.
Edmund is moderately wounded.
Edmund hits you with a +2 dire flail of venom.
You shoot an arrow. The arrow barely misses Edmund.
Edmund barely misses you.
You shoot an arrow.
The arrow hits Edmund but does no damage.
Edmund is moderately wounded.
Edmund hits you with a +2 dire flail of venom!
You shoot an arrow. The arrow barely misses Edmund.
The ball python barely misses you. x2; Edmund closely misses you.
The ball python closely misses you. The ball python barely misses you.
You shoot an arrow. The arrow barely misses Edmund.
Edmund closely misses you. The ball python barely misses you.
The ball python misses you.
You shoot an arrow.
The arrow hits Edmund but does no damage.
Edmund is moderately wounded.
Edmund hits you with a +2 dire flail of venom.
The ball python bites you but does no damage.
The ball python grabs you. The ball python constricts you.
You shoot an arrow. The arrow hits the ball python.
The ball python is severely wounded.
Edmund hits you with a +2 dire flail of venom.
The ball python completely misses you. The ball python constricts you.
Edmund barely misses you.
You shoot an arrow. The arrow hits the ball python.
You kill the ball python!
Edmund says, "People will remember me!
They'll remember me and die!"
Edmund closely misses you.
You shoot an arrow. The arrow hits Edmund!
Edmund is moderately wounded.
Edmund hits you with a +2 dire flail of venom.
You shoot an arrow. The arrow hits Edmund.
Edmund is heavily wounded.
Edmund hits you with a +2 dire flail of venom.
You shoot an arrow. The arrow closely misses Edmund.
Edmund hits you with a +2 dire flail of venom!
You die...
Edmund says, "That'll show my brother!"

##.####..#.......#######.#
#.# #.....###### #.# #+#
#............ #.#
###.#........ #.#
#......>... #.#
####....... #.#
#######.############.#
'.....@%.............#
#######@############.###
+.......................
#######.................
#..........######.###
#.##.#####.# ##.## ##. #.#
#.# #...## #####.¤##.###
#.# ##..... .........¤..#
#.# ##...... ~.~~¤.¤~~.~.#
#.# #..77.77


You could see Edmund.

Vanquished Creatures
  Menkaure (D:4)
  A black bear (D:4)
  A jelly (D:4)
  An iguana (D:4)
  Ijyb (D:4)
  Natasha (D:4)
  8 mummies (Ossuary)
  Robin (D:3)
  5 adders
  4 gnolls (D:3)
  An ufetubus (D:4)
  5 dart slugs (D:1)
  2 orcs (D:3)
  9 bats
  8 endoplasms
  3 giant cockroaches
  13 goblins
  5 hobgoblins
  2 jackals (D:1)
  6 kobolds
  6 quokkas
  10 ball pythons
  6 frilled lizards
  A gnoll zombie (Ossuary)
  A goblin zombie (D:4)
  2 hobgoblin zombies (Ossuary)
  A kobold zombie (Ossuary)
  4 orc zombies (Ossuary)
  A quokka zombie (D:4)
  5 rats
115 creatures vanquished.

Notes
Turn   | Place    | Note
-------+----------+-------------------------------------------
     0 | D:1      | qw the Gargoyle Hunter began the quest for the Orb.
     0 | D:1      | Reached XP level 1. HP: 12/12 MP: 1/1
     0 | D:1      | 0 ||| qw: Version: 0.3-a-83-gcd0e7d8
     0 | D:1      | 0 ||| qw: Game counter: 1428
     0 | D:1      | 0 ||| qw: Melee chars always use a shield: true
     0 | D:1      | 0 ||| qw: God list: Okawaru
     0 | D:1      | 0 ||| qw: Allow faded altars: false
     0 | D:1      | 0 ||| qw: Do Orc after clearing Dungeon:15 true
     0 | D:1      | 0 ||| qw: Do second Lair branch before Depths: true
     0 | D:1      | 0 ||| qw: Lair rune preference: random
     0 | D:1      | 0 ||| qw: Goals: Normal
     0 | D:1      | 0 ||| PLANNING D:1-11
   131 | D:1      | Reached XP level 2. HP: 17/17 MP: 2/2
   283 | D:1      | Reached XP level 3. HP: 21/21 MP: 3/3
   292 | D:1      | Reached skill level 5 in Ranged Weapons
   792 | D:1      | 792 ||| DROPPING ring of wizardry.
   793 | D:1      | 793 ||| READING scroll labelled DARAIR XUTOQ.
   794 | D:1      | 794 ||| READING 2 scrolls labelled DUTOATZIZO.
   795 | D:1      | 795 ||| READING scroll labelled IRHYFERASO.
   811 | D:1      | 811 ||| DRINKING 2 grey potions.
   812 | D:1      | 812 ||| DROPPING scroll of butterflies.
   895 | D:2      | Reached skill level 3 in Fighting
   911 | D:2      | Found a white marble altar of Elyvilon.
   988 | D:2      | Reached XP level 4. HP: 28/28 MP: 4/4
  1279 | D:2      | 1279 ||| READING scroll labelled TYMMAO IWOUKUG.
  1280 | D:2      | 1280 ||| DRINKING 3 glowing purple potions.
  1281 | D:2      | 1281 ||| DRINKING 2 puce potions.
  1282 | D:2      | 1282 ||| READING 5 scrolls of identify.
  1282 | D:2      | 1282 ||| IDENTIFYING silvery potion
  1283 | D:2      | 1283 ||| READING 4 scrolls of identify.
  1283 | D:2      | 1283 ||| IDENTIFYING red potion
  1284 | D:2      | 1284 ||| READING 3 scrolls of identify.
  1284 | D:2      | 1284 ||| IDENTIFYING purple potion
  1285 | D:2      | 1285 ||| READING 2 scrolls of identify.
  1285 | D:2      | 1285 ||| IDENTIFYING fizzy clear potion
  1286 | D:2      | 1286 ||| DROPPING potion of lignification.
  1287 | D:2      | 1287 ||| DROPPING potion of ambrosia.
  1288 | D:2      | 1288 ||| DROPPING potion of invisibility.
  1309 | D:3      | 1309 ||| STAIRDANCE
  1353 | D:3      | HP: 6/28 [gnoll/+0 club (8)]
  1354 | D:3      | 1354 ||| DRINKING potion of heal wounds.
  1360 | D:3      | 1360 ||| Stepping ~*~*~tactically~*~*~ (retreating).
  1362 | D:3      | HP: 7/28 [gnoll/+0 club (6)]
  1367 | D:3      | HP: 5/28 [adder (1)]
  1369 | D:3      | Reached XP level 5. HP: 5/32 MP: 5/5
  1373 | D:3      | Reached skill level 6 in Ranged Weapons
  1687 | D:3      | Found a faded altar of an unknown god.
  2121 | D:3      | Noticed Robin
  2134 | D:3      | Killed Robin
  2265 | D:3      | 2265 ||| UPGRADING to +0 helmet.
  2270 | D:3      | 2270 ||| UPGRADING to +0 pair of gloves.
  2275 | D:3      | 2275 ||| READING 2 scrolls labelled HUFRACVILUE.
  2301 | D:4      | 2301 ||| PLANNING OSSUARY
  2309 | D:4      | Noticed Edmund
  2324 | D:4      | HP: 7/33 [Edmund/+2 dire flail of venom (4)]
  2325 | D:4      | 2325 ||| READING scroll of teleportation.
  2327 | D:4      | HP: 1/33 [Edmund/+2 dire flail of venom (6)]
  2475 | D:4      | Found a sand-covered staircase.
  2475 | D:4      | Noticed Ijyb
  2483 | D:4      | Paralysed by Ijyb for 5 turns
  2489 | D:4      | Paralysed by Ijyb for 5 turns
  2497 | D:4      | Killed Ijyb
  2498 | D:4      | Reached skill level 1 in Armour
  2566 | D:4      | 2566 ||| UPGRADING to +0 ring mail.
  2576 | D:4      | 2576 ||| DROPPING +0 leather armour.
  2591 | Ossuary  | Entered an ossuary
  2621 | Ossuary  | Reached XP level 6. HP: 38/38 MP: 6/6
  2874 | Ossuary  | 2874 ||| READING scroll labelled TEAHYL JIUXUM.
  2975 | Ossuary  | 2975 ||| READING scroll labelled KAUNIU EXENOTU.
  2976 | Ossuary  | 2976 ||| DRINKING 5 fuming sapphire potions.
  2977 | Ossuary  | 2977 ||| DRINKING 2 blue potions.
  2978 | Ossuary  | 2978 ||| READING 2 scrolls of identify.
  2978 | Ossuary  | 2978 ||| IDENTIFYING bubbling amethyst potion
  2979 | Ossuary  | 2979 ||| DROPPING potion of degeneration.
  2980 | Ossuary  | 2980 ||| DROPPING potion of magic.
  3000 | D:4      | 3000 ||| PLANNING D:1-11
  3106 | D:4      | Noticed Menkaure
  3108 | D:4      | Noticed Natasha
  3109 | D:4      | 3109 ||| RETREEAATING.
  3111 | D:4      | 3111 ||| STILL RETREEAATING.
  3116 | D:4      | Killed Menkaure
  3117 | D:4      | Reached skill level 7 in Ranged Weapons
  3117 | D:4      | Reached XP level 7. HP: 37/43 MP: 7/7
  3118 | D:4      | Killed Natasha
  3218 | D:4      | Found a shimmering blue altar of Sif Muna.
  3258 | D:4      | Found a basalt altar of Yredelemnul.
  3268 | D:4      | Found a broken altar of Ashenzari.
  3316 | D:4      | HP: 7/43 [Edmund/+2 dire flail of venom (6)]
  3320 | D:4      | Slain by Edmund

Levels and vault maps discovered:
D:1:      giann_wishing_wells, layout_loops_ring, grunt_decor_arrowhead,
          minmay_split_cup_large
D:2:      layout_rooms, basic_altar
D:3:      layout_loops_ring, dreamdust_ecumenical_altar_grove, uniq_robin
D:4:      layout_basic, chequers_temple_overflow_statue_of_worship, tgw_fedhas,
          mainiacjoe_overflow_large_starburst,
          mainiacjoe_overflow_small_starburst, enter_ossuary_4,
          minmay_misc_feat_rows, minivault_25, uniq_ijyb, uniq_duvessa,
          uniq_natasha, uniq_edmund, uniq_menkaure

Skill      XL: |  1  2  3  4  5  6  7 |
---------------+----------------------+-----
Ranged Weapons | 5 6 7 |  7.9
Fighting       | 3 4 |  4.0
Armour         | 1 2 |  2.0
Dodging        | |  1.5
Stealth        | |  1.1

Action                     |  1- 3 |  4- 6 |  7- 9 || total
---------------------------+-------+-------+-------++-------
   Fire: Shortbow          |   120 |   271 |    54 ||   445
    Use: Scroll            |     3 |    10 |       ||    13
         Potion            |     1 |     5 |       ||     6
 Armour: Leather armour    |    23 |    84 |       ||   107
         Ring mail         |       |    22 |    24 ||    46
  Dodge: Dodged            |    30 |    96 |    27 ||   153

Table legend:
 A = Non-vault XP
 B = Vault XP
 C = Vault XP percentage of total XP
 D = Non-vault monster count
 E = Vault monster count
 F = Vault count percentage of total count
                 A         B        C        D         E       F
            +---------+---------+-------+---------+---------+-------
      Total |     459 |     421 |  47.8 |      83 |      32 |  27.8
            +---------+---------+-------+---------+---------+-------
        D:1 |      54 |      12 |  18.2 |      31 |       4 |  11.4
        D:2 |      51 |       0 |   0.0 |      18 |       0 |   0.0
        D:3 |     115 |      26 |  18.4 |      24 |       7 |  22.6
        D:4 |     239 |     233 |  49.4 |      10 |       5 |  33.3
    Ossuary |       0 |     150 | 100.0 |       0 |      16 | 100.0
            +---------+---------+-------+---------+---------+-------
